 Dungeon Crawl Stone Soup version 0.21-a0-518-g43a1781948 (webtiles) character file.

987 JackS81 the Cudgeler (level 8, -1/83 HPs)
             Began as an Ogre Berserker on Dec 4, 2017.
             Was a Priest of Trog.
             Slain by an unseen horror (6 damage)
             ... on level 6 of the Dungeon.
             The game lasted 00:18:35 (6879 turns).

JackS81 the Cudgeler (Ogre Berserker)               Turns: 6879, Time: 00:18:35

Health: -1/83      AC: 11    Str: 27    XL:     8   Next: 18%
Magic:  8/8        EV:  7    Int:  8    God:    Trog [***...]
Gold:   516        SH:  0    Dex: 10    Spells: 7/7 levels left

rFire    . . .     SeeInvis .   A - +0 giant spiked club
rCold    . . .     Gourm    .   (shield currently unavailable)
rNeg     . . .     Faith    .   v - +0 shadow dragon scales
rPois    .         Spirit   .   (helmet restricted)
rElec    .         Reflect  .   (no cloak)
rCorr    .         Harm     .   (gloves unavailable)
MR       .....                  (boots unavailable)
Stlth    +++.......             o - amulet of magic regeneration
HPRegen  0.23/turn              (no ring)
MPRegen  0.36/turn              (no ring)

@: mighty, flying
A: large, unfitting armour, tough skin 1
a: Berserk, Trog's Hand, Burn Spellbooks, Renounce Religion


You were on level 6 of the Dungeon.
You worshipped Trog.
Trog was most pleased with you.
You were not hungry.

You visited 2 branches of the dungeon, and saw 7 of its levels.
You also visited: Sewer.

You collected 516 gold pieces.

Inventory:

Hand Weapons
 a - a +0 mace
 A - a +0 giant spiked club (weapon)
Missiles
 e - 187 stones (quivered)
 x - 13 arrows
 z - a throwing net
 D - 12 bolts
Armour
 b - a +0 animal skin
 v - +0 shadow dragon scales (worn)
Magical Staves
 n - an uncursed staff of earth {unknown}
Jewellery
 o - an amulet of magic regeneration (around neck)
 B - a cursed ring of teleportation {unknown}
Wands
 y - a wand of acid (7)
 G - a wand of digging (15)
Scrolls
 h - 5 scrolls of identify {unknown}
 j - 2 scrolls of magic mapping {unknown}
 k - a scroll of enchant weapon {unknown}
 l - 3 scrolls of remove curse {unknown}
 m - 3 scrolls of amnesia {unknown}
 s - 5 scrolls of teleportation {unknown}
 t - a scroll of blinking {unknown}
 w - 2 scrolls of fog {unknown}
Potions
 d - a potion of might
 f - a potion of magic {unknown}
 i - 4 potions of curing
 p - a potion of agility {unknown}
 q - a potion of flight
 u - a potion of haste {unknown}
 F - a potion of resistance {unknown}
Books
 C - a book of Maledictions

   Spells                             Type                      Level
   a - Corona                         Hexes                        1
   b - Ensorcelled Hibernation        Hexes/Ice                    2
   c - Confuse                        Hexes                        3
   d - Tukima's Dance                 Hexes                        3
   e - Dazzling Spray                 Conjuration/Hexes            3
   Trog disapproves of the use of such an item.
Comestibles
 c - 5 bread rations
 g - 5 meat rations
 r - 2 fruits
 E - 3 royal jellies


   Skills:
 + Level 6.0 Fighting
 * Level 7.5 Maces & Flails
 + Level 1.0 Armour
 + Level 3.5 Dodging
 * Level 1.6 Stealth


You had 7 spell levels left.
You didn't know any spells.

Dungeon Overview and Level Annotations

Branches:
Dungeon (6/15)             Temple (1/1) D:4

Altars:
Ashenzari
Cheibriados
Dithmenos
Elyvilon
Fedhas
Gozag
Hepliaklqana
Kikubaaqudgha
Makhleb
Okawaru
Qazlal
Ru
Sif Muna
Trog
Uskayaw
Vehumet
Wu Jian
Xom
Yredelemnul
Zin
The Shining One

Annotations:
D:3 2 transporters, Menkaure
D:4 Natasha


Innate Abilities, Weirdness & Mutations

You are too large for most types of armour.
You have tough skin. (AC +1)


Message History

You miss something. Something hits you but does no damage. Something hits you.
* * * LOW HITPOINT WARNING * * *
It was a potion of might.
You feel very mighty all of a sudden. Something hits you.
* * * LOW HITPOINT WARNING * * *
Something hits you.
* * * LOW HITPOINT WARNING * * *
There is an open door here.
It was a potion of curing.
You feel better. Something hits you but does no damage.
It was a potion of flight.
You feel very buoyant.
You fly up into the air.
Something hits you.
* * * LOW HITPOINT WARNING * * *
Something hits you.
* * * LOW HITPOINT WARNING * * *
Something hits you.
You die...

#.........######
########...............
.......................
########...............
.####..................
.......................
.#............########.
................>#####..
.#<##...........@.......
..............##.#######
.####....###..##.#
.......#####..##'##
.#.#..............# ##.#
.............# #
...........# #........#
#........#


There were no monsters in sight!

Vanquished Creatures
  A water moccasin (D:6)
  An ice beast (D:5)
  A phantom (D:5)
  An ogre (D:4)
  2 scorpions
  A howler monkey (D:4)
  A centaur skeleton (D:4)
  A hound (D:4)
  An orc wizard (D:4)
  Ijyb (D:3)
  An iguana (D:4)
  Natasha (twice) (D:4)
  A worker ant (D:4)
  A hound zombie (D:4)
  A howler monkey zombie (D:6)
  7 adders
  8 river rats
  An ooze (D:2)
  3 worms
  3 dart slugs
  5 orcs
  4 bats
  12 giant cockroaches
  9 goblins
  4 hobgoblins
  10 jackals
  2 quokkas (D:2)
  5 ball pythons
  A ball python zombie (D:5)
  9 frilled lizards
  4 kobolds
  17 rats
121 creatures vanquished.

Notes
Turn   | Place    | Note
-------+----------+-------------------------------------------
     0 | D:1      | JackS81 the Ogre Berserker began the quest for the Orb.
     0 | D:1      | Reached XP level 1. HP: 24/24 MP: 1/1
   226 | D:1      | Reached XP level 2. HP: 28/32 MP: 2/2
   268 | D:1      | Reached skill level 3 in Maces & Flails
   956 | D:2      | Reached XP level 3. HP: 40/40 MP: 3/3
  1008 | D:2      | Found a radiant altar of Vehumet.
  1256 | D:2      | Found a blossoming altar of Fedhas.
  1547 | D:2      | Reached ** piety under Trog
  1742 | D:3      | Found a transporter.
  1743 | D:3      | Found a basalt altar of Yredelemnul.
  1827 | D:3      | Reached XP level 4. HP: 49/49 MP: 4/4
  1861 | D:3      | Found a glowing drain.
  1890 | D:3      | HP: 1/73 [worm (10)]
  1892 | D:3      | Reached skill level 4 in Maces & Flails
  2086 | Sewer    | Entered a sewer
  2313 | Sewer    | Reached XP level 5. HP: 38/55 MP: 5/5
  3265 | D:3      | Reached *** piety under Trog
  3265 | D:3      | Reached skill level 5 in Fighting
  3814 | D:3      | Noticed Ijyb
  3833 | D:3      | Killed Ijyb
  3833 | D:3      | Reached skill level 5 in Maces & Flails
  3833 | D:3      | Reached XP level 6. HP: 52/66 MP: 6/6
  4136 | D:3      | Found an ancient bone altar of Kikubaaqudgha.
  4137 | D:3      | Noticed Menkaure
  4152 | D:3      | Found a transporter.
  4786 | D:4      | Found a hide-covered altar of Uskayaw.
  4787 | D:4      | Noticed a dagger
  4788 | D:4      | Noticed a hand axe
  4852 | D:4      | Reached skill level 1 in Stealth
  4852 | D:4      | Reached XP level 7. HP: 65/72 MP: 7/7
  4968 | D:4      | Found an opulent altar of Gozag.
  5011 | D:4      | Noticed Natasha
  5032 | D:4      | Killed Natasha
  5032 | D:4      | Reached skill level 6 in Maces & Flails
  5074 | D:4      | Found a burning altar of Makhleb.
  5079 | D:4      | Found a glowing silver altar of Zin.
  5079 | D:4      | Noticed an angel
  5080 | D:4      | Noticed a green death
  5520 | D:4      | Found a staircase to the Ecumenical Temple.
  5526 | Temple   | Entered the Ecumenical Temple
  5757 | D:4      | Noticed Natasha
  5769 | D:4      | Killed Natasha
  5810 | D:4      | Noticed Natasha
  6075 | D:5      | Entered Level 5 of the Dungeon
  6140 | D:5      | Found a sacrificial altar of Ru.
  6140 | D:5      | Found an iron altar of Okawaru.
  6327 | D:5      | Reached skill level 7 in Maces & Flails
  6680 | D:5      | Reached XP level 8. HP: 81/83 MP: 8/8
  6755 | D:6      | Reached **** piety under Trog
  6755 | D:6      | Reached skill level 1 in Armour
  6874 | D:6      | HP: 1/83 [something (5)]
  6879 | D:6      | Slain by an unseen horror

Vault maps used:
D:1:      tarquinn_simple_flora_water_a
D:2:      fedhas_altar_4, lemuel_coloured_pillars_altar
D:3:      kennysheep_goblin_castle, gammafunk_temple_of_torment,
          portal_sewer_entry_a
D:4:      minmay_wonky_spiral, grunt_temple_overflow_order_and_chaos_2,
          nicolae_gozag_seed_capital, dancing_weapons_uskayaw,
          minmay_temple_entry_fiery, first_bread, minmay_crystal_room,
          hangedman_decor_lopped, hangedman_abyss_or_decor_slice, uniq_natasha
D:5:      gammafunk_temple_overflow_elements
D:6:      kennysheep_windowed_halls
Temple:   grunt_temple_mini_profane
Sewer:    sewer_co_cracked_pipes

Skill      XL: |  1  2  3  4  5  6  7  8 |
---------------+-------------------------+-----
Maces & Flails | 3 4 5 7 |  7.5
Dodging        | 3 |  3.5
Fighting       | 5 6 |  6.0
Stealth        | 1 |  1.6
Armour         | 1 |  1.0

Action                   |  1- 3 |  4- 6 |  7- 9 || total
-------------------------+-------+-------+-------++-------
Melee: Mace              |    92 |   247 |       ||   339
       Giant spiked club |       |       |   120 ||   120
Throw: Stone             |       |     1 |     4 ||     5
Invok: Berserk           |     1 |     6 |     1 ||     8
       Trog's Hand       |       |     1 |     1 ||     2
  Use: Potion            |       |       |     3 ||     3
 Stab: Sleeping          |       |     7 |     4 ||    11
  Eat: Chunk             |     4 |    13 |     7 ||    24
       Fruit             |       |     1 |       ||     1
       Bread ration      |       |       |     1 ||     1
Armor: Animal skin       |    26 |    12 |       ||    38
       Shadow dragon sca |       |    87 |   126 ||   213
Dodge: Dodged            |    69 |   122 |    60 ||   251

Table legend:
 A = Spawn XP
 B = Non-spawn XP
 C = Spawn XP percentage of total XP
 D = Spawn monster count
 E = Non-spawn monster count
 F = Spawn count percentage of total count
 G = Total turns spent on level
                    A         B        C        D         E        F      G
               +---------+---------+-------+---------+---------+-------+---------
         Total |       0 |    1411 |   0.0 |       0 |     121 |   0.0 |  6879
               +---------+---------+-------+---------+---------+-------+---------
           D:1 |       0 |      28 |   0.0 |       0 |      14 |   0.0 |   705
           D:2 |       0 |      51 |   0.0 |       0 |      13 |   0.0 |  1037
           D:3 |       0 |     141 |   0.0 |       0 |      32 |   0.0 |  1693
           D:4 |       0 |     571 |   0.0 |       0 |      25 |   0.0 |  1473
           D:5 |       0 |     340 |   0.0 |       0 |       7 |   0.0 |   652
           D:6 |       0 |     167 |   0.0 |       0 |       2 |   0.0 |   152
         Sewer |       0 |     113 |   0.0 |       0 |      28 |   0.0 |   979
               +---------+---------+-------+---------+---------+-------+---------
